TOP OF THE 1ST |
El Paso Chihuahuas batting - Pitching for Reno Aces : RHP Marcos Tejeda
|
Pitching: RHP Marcos Tejeda
|
|
Batting: LHB Angel Mejia
|
0-0: Called Strike 0-1: Foul Ball, location: 2F 0-2: Ball 1-2: Ball 2-2: Ball 3-2: Ground out 4-3 (Groundball, 34, EV 110.0 MPH)
|
Batting: RHB Andy Sheridan
|
0-0: Called Strike 0-1: Ball 1-1: DOUBLE (Line Drive, 89M, EV 95.6 MPH)
|
Batting: SHB Adam Martin
|
0-0: Ball 1-0: Ball 2-0: Called Strike 2-1: DOUBLE (Groundball, 3L, EV 104.4 MPH) Andy Sheridan scores
|
Batting: RHB Kiril Emeshin
|
0-0: SINGLE (Line Drive, 8RS, EV 108.8 MPH) Adam Martin to third
|
Batting: RHB Mike Maserang
|
0-0: Ball 1-0: Called Strike 1-1: Swinging Strike 1-2: Foul Ball, location: 2F 1-2: Strikes out swinging
|
Batting: RHB Dan Grable
|
0-0: Called Strike 0-1: Foul Ball, location: 2F 0-2: Strikes out swinging
|
Top of the 1st over - 1 run, 3 hits, 0 errors, 2 left on base; El Paso 1 - Reno 0 |
BOTTOM OF THE 1ST |
Reno Aces batting - Pitching for El Paso Chihuahuas : RHP Tom Ackerman
|
Pitching: RHP Tom Ackerman
|
|
Batting: SHB Carlos Rodriguez
|
0-0: Called Strike 0-1: Ball 1-1: Ball 2-1: Foul Ball, location: 2F 2-2: Ball 3-2: SINGLE (Flyball, 5D, EV 95.0 MPH)
|
Batting: LHB Kyle Beaulieu
|
0-0: Ball 1-0: Ball 2-0: Called Strike Carlos Rodriguez steals 2nd base 2-1: Swinging Strike 2-2: Ground out 4-3 (Groundball, 4M, EV 81.9 MPH) Carlos Rodriguez to third
|
Batting: LHB Bobby Arevalo
|
0-0: Called Strike 0-1: 2-RUN HOME RUN (Flyball, 89XD, EV 106.2 MPH), Distance : 427 ft
|
Batting: RHB Ji-an Li
|
0-0: Swinging Strike 0-1: Ground out 6-3 (Groundball, 6, EV 80.6 MPH)
|
Batting: LHB Ian Jarvis
|
0-0: Ball 1-0: Called Strike 1-1: Ball 2-1: Called Strike 2-2: Ball 3-2: Base on Balls
|
Batting: LHB Steve Reinhart
|
0-0: Swinging Strike 0-1: Ball 1-1: Fielders Choice at 2nd, 6-4 (Groundball, 6, EV 85.6 MPH)
|
Bottom of the 1st over - 2 runs, 2 hits, 0 errors, 1 left on base; El Paso 1 - Reno 2 |
TOP OF THE 2ND |
El Paso Chihuahuas batting - Pitching for Reno Aces : RHP Marcos Tejeda
|
Batting: RHB Matt Fabre
|
0-0: Ball 1-0: Foul Ball, location: 2F 1-1: Ball 2-1: Called Strike 2-2: Ball 3-2: Base on Balls
|
Batting: RHB Adam Noyes
|
0-0: Foul Ball, location: 2F 0-1: Fly out, F9 (Flyball, 9, EV 94.4 MPH)
|
Batting: RHB David Aguilar
|
0-0: Ball 1-0: Ball 2-0: DOUBLE (Line Drive, 7LS, EV 101.2 MPH) Matt Fabre to third
|
Batting: LHB Angel Mejia
|
0-0: Foul Ball, location: 2F 0-1: Ball 1-1: Ball 2-1: Ball 3-1: Ground out U3 (Groundball, 3L, EV 103.1 MPH)
|
Batting: RHB Andy Sheridan
|
0-0: Ball 1-0: Ground out 5-3 (Groundball, 5L, EV 103.1 MPH)
|
Top of the 2nd over - 0 runs, 1 hit, 0 errors, 2 left on base; El Paso 1 - Reno 2 |
BOTTOM OF THE 2ND |
Reno Aces batting - Pitching for El Paso Chihuahuas : RHP Tom Ackerman
|
Batting: RHB Seth Tramontano
|
0-0: Called Strike 0-1: Swinging Strike 0-2: Ball 1-2: Foul Ball, location: 2F 1-2: Strikes out swinging
|
Batting: RHB Marlon Reda
|
0-0: Called Strike 0-1: Fly out, F8 (Flyball, 8LXD, EV 88.8 MPH)
|
Batting: RHB Jose Sisneros
|
0-0: Called Strike 0-1: Ball 1-1: Ball 2-1: Called Strike 2-2: Ball 3-2: Fly out, F6 (Line Drive, 56D, EV 75.0 MPH)
|
Bottom of the 2nd over - 0 runs, 0 hits, 0 errors, 0 left on base; El Paso 1 - Reno 2 |
TOP OF THE 3RD |
El Paso Chihuahuas batting - Pitching for Reno Aces : RHP Marcos Tejeda
|
Batting: SHB Adam Martin
|
0-0: SINGLE (Groundball, 4M, EV 103.8 MPH) (infield hit)
|
Batting: RHB Kiril Emeshin
|
0-0: Ball 1-0: Called Strike 1-1: Ball Adam Martin steals 2nd base 2-1: Foul Ball, location: 2F 2-2: Ball 3-2: Fly out, F8 (Flyball, 89M, EV 81.9 MPH)
|
Batting: RHB Mike Maserang
|
0-0: Foul Ball, location: 2F 0-1: Called Strike 0-2: Foul Ball, location: 2F 0-2: Fly out, F9 (Flyball, 9, EV 95.0 MPH)
|
Batting: RHB Dan Grable
|
0-0: Called Strike 0-1: Called Strike 0-2: Ball 1-2: Foul Ball, location: 2F 1-2: Ball 2-2: Ball 3-2: Base on Balls
|
Batting: RHB Matt Fabre
|
0-0: Ball 1-0: Called Strike 1-1: Swinging Strike 1-2: Ball 2-2: Strikes out swinging
|
Top of the 3rd over - 0 runs, 1 hit, 0 errors, 2 left on base; El Paso 1 - Reno 2 |
BOTTOM OF THE 3RD |
Reno Aces batting - Pitching for El Paso Chihuahuas : RHP Tom Ackerman
|
Batting: SHB Carlos Rodriguez
|
0-0: Called Strike 0-1: Foul Ball, location: 2F 0-2: Ball 1-2: Strikes out swinging
|
Batting: LHB Kyle Beaulieu
|
0-0: Ball 1-0: Ball 2-0: Foul Ball, location: 2F 2-1: SINGLE (Groundball, 5, EV 98.8 MPH) (infield hit)
|
Batting: LHB Bobby Arevalo
|
0-0: Ball Kyle Beaulieu steals 2nd base 1-0: Ground out U3 (Groundball, 3, EV 87.5 MPH) Kyle Beaulieu to third
|
Batting: RHB Ji-an Li
|
0-0: Ball 1-0: Ball 2-0: Called Strike 2-1: Ground out 6-3 (Groundball, 6, EV 81.9 MPH)
|
Bottom of the 3rd over - 0 runs, 1 hit, 0 errors, 1 left on base; El Paso 1 - Reno 2 |
TOP OF THE 4TH |
El Paso Chihuahuas batting - Pitching for Reno Aces : RHP Marcos Tejeda
|
Batting: RHB Adam Noyes
|
0-0: Ball 1-0: Ball 2-0: Called Strike 2-1: Ground out U3 (Groundball, 34S, EV 75.0 MPH)
|
Batting: RHB David Aguilar
|
0-0: Ground out 6-3 (Groundball, 6, EV 85.6 MPH)
|
Batting: LHB Angel Mejia
|
0-0: Ball 1-0: Ball 2-0: Ball 3-0: Swinging Strike 3-1: Called Strike 3-2: Base on Balls
|
Batting: RHB Andy Sheridan
|
0-0: Ball Angel Mejia steals 2nd base (no throw) 1-0: Called Strike 1-1: Called Strike 1-2: Ball 2-2: Ground out 5-3 (Groundball, 56S, EV 71.2 MPH)
|
Top of the 4th over - 0 runs, 0 hits, 0 errors, 1 left on base; El Paso 1 - Reno 2 |
BOTTOM OF THE 4TH |
Reno Aces batting - Pitching for El Paso Chihuahuas : RHP Tom Ackerman
|
Batting: LHB Ian Jarvis
|
0-0: Foul Ball, location: 2F 0-1: Ball 1-1: Called Strike 1-2: Ball 2-2: Foul Ball, location: 2F 2-2: Foul Ball, location: 2F 2-2: Foul Ball, location: 2F 2-2: Ball 3-2: Ground out U3 (Groundball, 3L, EV 85.0 MPH)
|
Batting: LHB Steve Reinhart
|
0-0: Ball 1-0: Swinging Strike 1-1: Foul Ball, location: 2F 1-2: Ball 2-2: SINGLE (Groundball, 4MS, EV 68.1 MPH) (infield hit)
|
Batting: RHB Seth Tramontano
|
0-0: Ball 1-0: Called Strike 1-1: Ball Steve Reinhart steals 2nd base 2-1: Ball 3-1: Base on Balls
|
Batting: RHB Marlon Reda
|
0-0: SINGLE (Groundball, 4D, EV 94.4 MPH) Steve Reinhart to third Seth Tramontano to second Runner from 3rd tries for Home, SAFE, throw by RF to home
|
Batting: RHB Jose Sisneros
|
0-0: Ball 1-0: Called Strike 1-1: Called Strike 1-2: Foul Ball, location: 2F 1-2: Foul Ball, location: 2F 1-2: Ball 2-2: Ball 3-2: Grounds into double play, 5-4-3 (Groundball, 56, EV 80.0 MPH)
|
Bottom of the 4th over - 1 run, 2 hits, 0 errors, 1 left on base; El Paso 1 - Reno 3 |
TOP OF THE 5TH |
El Paso Chihuahuas batting - Pitching for Reno Aces : RHP Marcos Tejeda
|
Batting: SHB Adam Martin
|
0-0: DOUBLE (Flyball, 78XD, EV 101.9 MPH)
|
Batting: RHB Kiril Emeshin
|
0-0: Ball 1-0: Ball 2-0: Foul Ball, location: 2F 2-1: Called Strike 2-2: SINGLE (Flyball, 8RS, EV 89.4 MPH) Adam Martin to third
|
Batting: RHB Mike Maserang
|
0-0: Called Strike 0-1: Called Strike Kiril Emeshin steals 2nd base 0-2: Ball 1-2: Ball 2-2: Ball Wild Pitch! Adam Martin scores Kiril Emeshin to third 3-2: Strikes out looking
|
Batting: RHB Dan Grable
|
0-0: Called Strike 0-1: Called Strike 0-2: Ball 1-2: Ground out 4-3 (Groundball, 4, EV 86.9 MPH) Kiril Emeshin scores
|
Batting: RHB Matt Fabre
|
0-0: Foul Ball, location: 2F 0-1: Swinging Strike 0-2: Foul Ball, location: 2F 0-2: Strikes out looking
|
Top of the 5th over - 2 runs, 2 hits, 0 errors, 0 left on base; El Paso 3 - Reno 3 |
BOTTOM OF THE 5TH |
Reno Aces batting - Pitching for El Paso Chihuahuas : RHP Tom Ackerman
|
Batting: SHB Carlos Rodriguez
|
0-0: Called Strike 0-1: Ball 1-1: Ball 2-1: Ball 3-1: Foul Ball, location: 2F 3-2: Base on Balls
|
Pitching: RHP Matt Hamm
|
|
Batting: LHB Kyle Beaulieu
|
0-0: Ball 1-0: Called Strike 1-1: Swinging Strike 1-2: Strikes out swinging
|
Batting: LHB Bobby Arevalo
|
0-0: Ball Carlos Rodriguez steals 2nd base 1-0: Foul Ball, location: 2F 1-1: Swinging Strike 1-2: SINGLE (Line Drive, 4MD, EV 103.8 MPH) Carlos Rodriguez to third Runner from 3rd tries for Home, throw by CF and OUT! 8-2
|
Batting: RHB Ji-an Li
|
0-0: SINGLE (Groundball, 4S, EV 66.2 MPH) (infield hit) Bobby Arevalo to second
|
Batting: LHB Ian Jarvis
|
0-0: Ball 1-0: Swinging Strike 1-1: Called Strike 1-2: Foul Ball, location: 2F Balk! Bobby Arevalo to third Ji-an Li to second 1-2: Strikes out swinging
|
Bottom of the 5th over - 0 runs, 2 hits, 0 errors, 2 left on base; El Paso 3 - Reno 3 |
TOP OF THE 6TH |
El Paso Chihuahuas batting - Pitching for Reno Aces : RHP Marcos Tejeda
|
Pitching: RHP Jose Fernandez
|
|
Pinch Hitting: LHB Sammy Roddenberry
|
0-0: Fly out, F8 (Flyball, 8RM, EV 76.2 MPH)
|
Batting: RHB David Aguilar
|
0-0: SINGLE (Line Drive, 4D, EV 95.6 MPH)
|
Batting: LHB Angel Mejia
|
0-0: Called Strike 0-1: Called Strike 0-2: Strikes out swinging
|
Batting: RHB Andy Sheridan
|
0-0: Called Strike 0-1: Called Strike 0-2: Strikes out swinging
|
Top of the 6th over - 0 runs, 1 hit, 0 errors, 1 left on base; El Paso 3 - Reno 3 |
BOTTOM OF THE 6TH |
Reno Aces batting - Pitching for El Paso Chihuahuas : RHP Matt Hamm
|
Now in CF: Sammy Roddenberry
|
|
Batting: LHB Steve Reinhart
|
0-0: Ball 1-0: SINGLE (Flyball, 8LS, EV 96.2 MPH)
|
Batting: RHB Seth Tramontano
|
0-0: Called Strike 0-1: Ball 1-1: Called Strike 1-2: Fielders Choice at 2nd, 4-6 (Groundball, 4D, EV 88.8 MPH)
|
Batting: RHB Marlon Reda
|
0-0: Ball 1-0: Called Strike 1-1: Grounds into double play, 4-6-3 (Groundball, 34, EV 86.9 MPH)
|
Bottom of the 6th over - 0 runs, 1 hit, 0 errors, 0 left on base; El Paso 3 - Reno 3 |
TOP OF THE 7TH |
El Paso Chihuahuas batting - Pitching for Reno Aces : RHP Jose Fernandez
|
Batting: SHB Adam Martin
|
0-0: Called Strike 0-1: Ball 1-1: Ball 2-1: Ball 3-1: Foul Ball, location: 2F 3-2: Ground out 4-3 (Groundball, 4, EV 108.8 MPH)
|
Batting: RHB Kiril Emeshin
|
0-0: Ground out 4-3 (Groundball, 4, EV 95.0 MPH)
|
Batting: RHB Mike Maserang
|
0-0: Called Strike 0-1: Ball 1-1: Foul Ball, location: 2F 1-2: Fly out, F9 (Flyball, 9D, EV 95.6 MPH)
|
Top of the 7th over - 0 runs, 0 hits, 0 errors, 0 left on base; El Paso 3 - Reno 3 |
BOTTOM OF THE 7TH |
Reno Aces batting - Pitching for El Paso Chihuahuas : RHP Matt Hamm
|
Pitching: RHP Mike Wilkins
|
|
Batting: RHB Jose Sisneros
|
0-0: Ball 1-0: Ball 2-0: Ball 3-0: Called Strike 3-1: Base on Balls
|
Batting: SHB Carlos Rodriguez
|
0-0: Ball 1-0: Bunted foul 1-1: Bunted foul 1-2: Ball 2-2: Grounds into double play, 4-6-3 (Groundball, 4, EV 85.0 MPH)
|
Batting: LHB Kyle Beaulieu
|
0-0: Ball 1-0: Ball 2-0: Ball 3-0: Foul Ball, location: 2F 3-1: DOUBLE (Line Drive, 9LS, EV 105.6 MPH)
|
Pinch Runner at 2nd Vinny Vasquez:
|
|
Batting: LHB Bobby Arevalo
|
0-0: Ball Passed Ball! Vinny Vasquez to third 1-0: Called Strike 1-1: Ball 2-1: Foul Ball, location: 2F 2-2: Ball 3-2: DOUBLE (Line Drive, 7LM, EV 110.6 MPH) Vinny Vasquez scores
|
Batting: RHB Ji-an Li
|
0-0: Ball 1-0: Called Strike 1-1: Ball 2-1: Foul Ball, location: 2F 2-2: Strikes out looking
|
Bottom of the 7th over - 1 run, 2 hits, 0 errors, 1 left on base; El Paso 3 - Reno 4 |
TOP OF THE 8TH |
El Paso Chihuahuas batting - Pitching for Reno Aces : RHP Jose Fernandez
|
Pitching: LHP Afanasy Apatenko
|
|
Now at 1B: Vinny Vasquez
|
|
Batting: RHB Dan Grable
|
0-0: Ball 1-0: Foul Ball, location: 2F 1-1: Foul Ball, location: 2F 1-2: Strikes out looking
|
Batting: RHB Matt Fabre
|
0-0: Ball 1-0: Swinging Strike 1-1: Ball 2-1: Foul Ball, location: 2F 2-2: Ball 3-2: Base on Balls
|
Pinch Hitting: RHB Rene Montoya
|
0-0: Called Strike 0-1: Foul Ball, location: 2F 0-2: Ball 1-2: Ball 2-2: Foul Ball, location: 2F 2-2: Ball 3-2: Foul Ball, location: 2F 3-2: Grounds into double play, 3-6-3 (Groundball, 3, EV 86.2 MPH)
|
Top of the 8th over - 0 runs, 0 hits, 0 errors, 0 left on base; El Paso 3 - Reno 4 |
BOTTOM OF THE 8TH |
Reno Aces batting - Pitching for El Paso Chihuahuas : RHP Mike Wilkins
|
Pitching: RHP Eddie Starks
|
|
Now in CF: Wally Cangro
|
|
Batting: LHB Ian Jarvis
|
0-0: Called Strike 0-1: Ball 1-1: Ball 2-1: Ball 3-1: Base on Balls
|
Batting: LHB Steve Reinhart
|
0-0: Bunt missed! 0-1: Sac Bunt to 2R - play at first, batter OUT! 2-3 Ian Jarvis to second
|
Batting: RHB Seth Tramontano
|
0-0: SINGLE (Groundball, 56D, EV 106.2 MPH) Ian Jarvis to third Runner from 3rd tries for Home, SAFE, throw by LF to home Seth Tramontano to second
|
Batting: RHB Marlon Reda
|
0-0: Intentional Walk
|
Batting: RHB Jose Sisneros
|
0-0: Fly out, F6 (Popup, 6M, EV 59.4 MPH)
|
Batting: SHB Carlos Rodriguez
|
0-0: Called Strike 0-1: Ball 1-1: Foul Ball, location: 2F 1-2: Foul Ball, location: 2F 1-2: Ball 2-2: Strikes out looking
|
Bottom of the 8th over - 1 run, 1 hit, 0 errors, 2 left on base; El Paso 3 - Reno 5 |
TOP OF THE 9TH |
El Paso Chihuahuas batting - Pitching for Reno Aces : LHP Afanasy Apatenko
|
Pitching: RHP Mike Osgood
|
|
Batting: RHB David Aguilar
|
0-0: Fly out, F7 (Flyball, 7LS, EV 77.5 MPH)
|
Batting: LHB Angel Mejia
|
0-0: SINGLE (Groundball, 3D, EV 105.0 MPH)
|
Batting: RHB Andy Sheridan
|
0-0: Called Strike 0-1: Ball 1-1: Ball 2-1: Swinging Strike 2-2: Foul Ball, location: 2F 2-2: Foul Ball, location: 2F 2-2: Ball Passed Ball! Angel Mejia to second 3-2: Fly out, F8 (Flyball, 89M, EV 79.4 MPH)
|
Batting: SHB Adam Martin
|
0-0: Ball 1-0: Ball 2-0: Ball 3-0: Base on Balls
|
Batting: RHB Kiril Emeshin
|
0-0: Ball 1-0: Foul Ball, location: 2F 1-1: Ball 2-1: SINGLE (Flyball, 9S, EV 95.6 MPH) Angel Mejia to third Adam Martin to second
|
Batting: RHB Mike Maserang
|
0-0: Called Strike 0-1: Ball 1-1: Swinging Strike 1-2: Strikes out looking
|
Top of the 9th over - 0 runs, 2 hits, 0 errors, 3 left on base; El Paso 3 - Reno 5 |
|